 Dungeon Crawl Stone Soup version 0.19.5 (webtiles) character file.

903 Regynild the Cleaver (level 7, 0/93 HPs)
             Began as a Minotaur Berserker on Mar 28, 2017.
             Was a Priest of Trog.
             Engulfed by a cloud of flame (5 damage)
             ... on level 7 of the Dungeon.
             The game lasted 00:37:08 (3783 turns).

Regynild the Cleaver (Minotaur Berserker)           Turns: 3783, Time: 00:37:09

Health: 0/93       AC: 13    Str: 27    XL:     7   Next: 80%
Magic:  6/6        EV:  8    Int:  4    God:    Trog [***...]
Gold:   85         SH:  0    Dex: 11    Spells: 0 memorised, 6 levels left

rFire  . . .     SeeInvis .     k - +0 battleaxe
rCold  . . .     Gourm    .     m - +1 plate armour
rNeg   . . .     Faith    .     (shield currently unavailable)
rPois  .         Spirit   .     (helmet restricted)
rElec  .         Reflect  .     (no cloak)
rCorr  +         Harm     .     (no gloves)
MR     .....                    (no boots)
Stlth  ..........               (no amulet)
                                (no ring)
                                i - ring of resist corrosion

@: berserking (expiring), very quick
A: retaliatory headbutt, horns 2
a: Berserk, Trog's Hand, Burn Spellbooks, Renounce Religion


You were on level 7 of the Dungeon.
You worshipped Trog.
Trog was most pleased with you.
You were hungry.

You visited 1 branch of the dungeon, and saw 6 of its levels.

You collected 145 gold pieces.
You spent 60 gold pieces at shops.

Inventory:

Hand Weapons
 e - a +1 vampiric dagger
 k - a +0 battleaxe (weapon)
 y - a +3 fustibalus
Armour
 b - a +0 animal skin
 m - a +1 plate armour (worn)
Jewellery
 i - a ring of resist corrosion (left hand)
Wands
 a - a wand of polymorph (20/24)
Scrolls
 n - 3 scrolls of identify
 o - a scroll of immolation
 p - a scroll of fear
 s - a scroll of noise
 w - a scroll of remove curse
Potions
 f - a potion of heal wounds
 g - a potion of agility {unknown}
 h - a potion of degeneration {unknown}
 q - a potion of flight {unknown}
 r - a potion of magic
 t - a potion of brilliance {unknown}
 u - 3 potions of lignification {unknown}
 v - 2 potions of curing
Comestibles
 c - 5 bread rations
 d - 3 meat rations


   Skills:
 + Level 5.9 Fighting
 + Level 8.0 Axes
 + Level 5.7 Armour
 + Level 3.4 Dodging
 + Level 1.1 Stealth


You had 6 spell levels left.
You didn't know any spells.

Dungeon Overview and Level Annotations

Branches:
Dungeon (5/15)
 Temple: D:4-7

Altars:
Cheibriados
Dithmenos
Kikubaaqudgha
Makhleb

Shops:
D:4 !??


Innate Abilities, Weirdness & Mutations

You reflexively headbutt those who attack you in melee.
You have a pair of horns on your head.


Message History

The gnoll explodes!
The fiery explosion engulfs the gnoll sergeant.
The gnoll sergeant explodes!
Trog accepts your kill. x3
The fiery explosion engulfs you! Trog accepts your kill.
Your Axes skill increases to level 8!
The fiery explosion engulfs you!
* * * LOW HITPOINT WARNING * * *
Trog accepts your kill.
You are engulfed in roaring flames.
* * * LOW HITPOINT WARNING * * *
You are too berserk!
You're standing in a cloud of flame!
You are engulfed in roaring flames.
* * * LOW HITPOINT WARNING * * *
You see here a whip.
You feel a strong urge to attack something.
You are engulfed in roaring flames.
You die...

######
#.@§§#
#.§§§#
#.§§§#
#.§§§#
#..§§#
#.%...
#......
#.......
#......


There were no monsters in sight!

Vanquished Creatures
  An orc warrior (D:3)
  A phantom (D:4)
  An ogre (D:4)
  2 bullfrogs (D:7)
  A gnoll sergeant (D:7)
  A howler monkey (D:4)
  2 hounds (D:7)
  An iguana (D:4)
  3 worker ants
  A hound zombie (D:5)
  5 gnolls (D:7)
  9 adders
  2 oozes
  An adder zombie (D:7)
  A worm (D:3)
  2 dart slugs (D:1)
  2 leopard geckos
  10 orcs
  3 giant cockroaches
  9 goblins
  9 hobgoblins
  A ball python (D:4)
  6 bats
  4 frilled lizards
  10 kobolds
  A quokka skeleton (D:4)
  5 rats
94 creatures vanquished.

Vanquished Creatures (others)
  A human (D:4)
1 creature vanquished.

Grand Total: 95 creatures vanquished

Notes
Turn   | Place    | Note
-------+----------+-------------------------------------------
     0 | D:1      | Regynild the Minotaur Berserker began the quest for the Orb.
     0 | D:1      | Reached XP level 1. HP: 19/19 MP: 0/0
   370 | D:1      | Reached XP level 2. HP: 27/27 MP: 1/1
   371 | D:1      | Reached skill level 4 in Axes
   917 | D:2      | Reached XP level 3. HP: 32/33 MP: 2/2
   954 | D:2      | Reached ** piety under Trog
  1522 | D:2      | Reached XP level 4. HP: 37/41 MP: 3/3
  2389 | D:3      | Noticed an orc warrior
  2400 | D:3      | Killed an orc warrior
  2400 | D:3      | Reached skill level 5 in Axes
  2400 | D:3      | Reached XP level 5. HP: 40/47 MP: 4/4
  2438 | D:3      | Reached skill level 5 in Fighting
  2959 | D:4      | Reached *** piety under Trog
  2959 | D:4      | Reached XP level 6. HP: 49/56 MP: 5/5
  3043 | D:4      | Found Duyzoir's Magic Scroll Shop.
  3048 | D:4      | Found Amihuuc's Distillery.
  3071 | D:4      | Found Xuss's Magic Scroll Boutique.
  3119 | D:4      | Reached skill level 6 in Axes
  3128 | D:4      | Bought 2 potions of curing for 60 gold pieces
  3259 | D:4      | Reached skill level 1 in Stealth
  3307 | D:4      | Reached skill level 5 in Armour
  3307 | D:4      | Reached XP level 7. HP: 52/61 MP: 6/6
  3379 | D:4      | Found an ancient bone altar of Kikubaaqudgha.
  3380 | D:4      | Noticed a human
  3382 | D:4      | Killed a human
  3413 | D:5      | Entered Level 5 of the Dungeon
  3684 | D:5      | Found a shadowy altar of Dithmenos.
  3685 | D:5      | Found a burning altar of Makhleb.
  3689 | D:5      | Found a snail-covered altar of Cheibriados.
  3704 | D:5      | You fall through a shaft for 2 floors!
  3726 | D:7      | Reached skill level 7 in Axes
  3781 | D:7      | Reached skill level 8 in Axes
  3783 | D:7      | Engulfed by a cloud of flame

Skill      XL: |  1  2  3  4  5  6  7 |
---------------+----------------------+-----
Axes           | 4 5 6 8 |  8.0
Fighting       | 4 5 |  5.9
Dodging        | 3 |  3.4
Armour         | 3 4 5 |  5.7
Stealth        | 1 |  1.1

Action                   |  1- 3 |  4- 6 |  7- 9 || total
-------------------------+-------+-------+-------++-------
Melee: Hand axe          |    67 |    28 |       ||    95
       Headbutt          |     4 |    13 |     4 ||    21
       Battleaxe         |       |    63 |    23 ||    86
Throw: Throwing net      |       |     1 |       ||     1
Invok: Berserk           |     2 |     1 |     2 ||     5
       Trog's Hand       |     1 |       |       ||     1
       Burn Spellbooks   |       |     1 |       ||     1
  Use: Scroll            |     8 |     1 |     3 ||    12
       Potion            |       |       |     1 ||     1
  Eat: Meat ration       |     1 |       |       ||     1
       Chunk             |       |     2 |     2 ||     4
       Bread ration      |       |     1 |       ||     1
Armor: Animal skin       |     6 |       |       ||     6
       Ring mail         |     5 |     8 |       ||    13
       Plate armour      |       |    42 |    23 ||    65
Dodge: Dodged            |    39 |    38 |    15 ||    92
